 Dungeon Crawl Stone Soup version 0.32-a0-986-ga09f62fbf4 (webtiles) character file.

Game seed: 16051412828149045863

6 Chadd the Cudgeller (level 1, 0/19 HPs)
             Began as a Mountain Dwarf Monk on Apr 21, 2024.
             Constricted to death by a ball python (2 damage)
             ... on level 1 of the Dungeon.
             The game lasted 00:00:23 (239 turns).

Chadd the Cudgeller (Mountain Dwarf Monk)            Turns: 239, Time: 00:00:24

Health: 0/19       AC:  2    Str: 13    XL:     1   Next: 75%
Magic:  1/1        EV:  1    Int: 10    God:
Gold:   0          SH:  0    Dex: 12    Spells: 0/0 levels left

rFire   . . .        a - +0 mace
rCold   . . .        (no shield)
rNeg    . . .        b - +0 robe
rPois   .            (no helmet)
rElec   .            (no cloak)
rCorr   .            (no gloves)
SInv    .            (no boots)
Will    .....        (no amulet)
Stlth   +            (no ring)
HPRegen 0.23/turn    (no ring)
MPRegen 0.07/turn

%: no passive effects
@: constricted
A: runic magic, artefact enchanting
a: no special abilities


You were on level 1 of the Dungeon.
You visited 1 branch of the dungeon, and saw 1 of its levels.

Inventory:

Hand Weapons
 a - a +0 mace (weapon)
Armour
 b - a +0 robe (worn)
 d - an orb of light
Scrolls
 e - a scroll of blinking {unknown}
Potions
 c - a potion of ambrosia


   Skills:
 + Level 3.4 Fighting
 + Level 3.8 Maces & Flails
 + Level 2.3 Dodging


You couldn't memorise any spells.
You didn't know any spells.
Your spell library was empty.

Dungeon Overview and Level Annotations

Branches:
Dungeon (1/15)

Altars:


Innate Abilities, Weirdness & Mutations

Your spellcasting is much less encumbered by armour.
You can use scrolls of enchantment on lesser artefacts.


Message History

You hit the kobold.
The kobold is severely wounded.
The kobold hits you but does no damage.
A kobold is nearby!
You thump the kobold!
You kill the kobold!
No target in view!
No target in view!
No target in view!
A ball python comes into view.
You see here a +0 whip.
The ball python hisses angrily.
A dart slug comes into view.
The ball python misses you. The ball python grabs you.
The ball python constricts you.
You barely miss the ball python. The ball python bites you.
The ball python constricts you.
You barely miss the ball python. The ball python bites you.
The ball python constricts you.
You completely miss the ball python. The ball python bites you.
The ball python constricts you.
The ball python bites you but does no damage.
The ball python constricts you.
You closely miss the ball python. The ball python bites you.
The ball python constricts you. The dart slug bites you.
You are too injured to fight recklessly!
You are too injured to fight recklessly!
Unknown command.
You barely miss the dart slug. The ball python bites you.
The ball python constricts you. The ball python bites you.
The ball python constricts you.
* * * LOW HITPOINT WARNING * * *
The dart slug bites you.
* * * LOW HITPOINT WARNING * * *
You hit the dart slug.
The dart slug is lightly wounded.
The ball python bites you.
* * * LOW HITPOINT WARNING * * *
The ball python constricts you.
You die...

#.......#
##........ #
.........#.#
##.......#.#
...........=
.#.......#.#
......Sw.#.#####
#.....@.#.#...
####.##.#.#.### ##
#........#.. .#
#.....)..#.##.## #
#......#.#.....##.#
#......# #........
#......###.....#
#.##.#.........# #.
#..........#####.


You could see a dart slug and a ball python.

Vanquished Creatures
  2 endoplasms (D:1)
  A goblin (D:1)
  A kobold (D:1)
  3 rats (D:1)
7 creatures vanquished.

Notes
Turn   | Place    | Note
-------+----------+-------------------------------------------
     0 | D:1      | Chadd the Mountain Dwarf Monk began the quest for the Orb.
     0 | D:1      | Reached XP level 1. HP: 19/19 MP: 1/1
   239 | D:1      | Constricted to death by a ball python

Illustrated notes

Levels and vault maps discovered:
D:1:      onia_arrival_mini_maze_b, layout_basic, minmay_shallow_snake_nest

Action                     || total
---------------------------++-------
  Melee: Mace              ||    18
 Armour: Robe              ||    23
  Dodge: Dodged            ||     7

Table legend: (Time is in decaauts)
 A = Elapsed time spent in this place.
 B = Non-inter-level travel time spent in this place.
 C = Inter-level travel time spent in this place.
 D = Time resting spent in this place.
 E = Time spent auto-exploring this place.
 F = Levels seen in this place.
 G = Mean time per level.
                   A        B        C        D        E       F      G
               +--------+--------+--------+--------+--------+-----+--------+
         Total |    242 |    230 |     12 |      0 |    176 |   1 |  242.0 |
       Dungeon |    242 |    230 |     12 |      0 |    176 |   1 |  242.0 |
               +--------+--------+--------+--------+--------+-----+--------+

Top non-repeatable levels by time:
     D:1: 242 daAuts
